 Dungeon Crawl Stone Soup version 0.30-a0-859-gf88a04b62d (webtiles) character file.

Game seed: 9066898742521560590

422 Mickster the Trooper (level 6, -4/66 HPs)
             Began as an Ogre Berserker on Mar 6, 2023.
             Was a Priest of Trog.
             Slain by Duvessa
             ... wielding a +0 short sword
              (15 damage)
             ... on level 4 of the Dungeon.
             The game lasted 00:22:42 (2060 turns).

Mickster the Trooper (Ogre Berserker)               Turns: 2060, Time: 00:22:43

Health: -4/66      AC:  3    Str: 24    XL:     6   Next: 95%
Magic:  6/6        EV: 11    Int:  8    God:    Trog [***...]
Gold:   206        SH:  0    Dex: 14    Spells: 5/5 levels left

rFire   + . .      SeeInvis .    l - +1 quarterstaff (spect)
rCold   . . .      Faith    .    (shield currently unavailable)
rNeg    . . .      Spirit   .    b - +0 animal skin
rPois   .          Reflect  .    (helmet restricted)
rElec   .          Rampage  .    (no cloak)
rCorr   .                        (gloves unavailable)
Will    .....                    (boots unavailable)
Stlth   +                        (no amulet)
HPRegen 0.31/turn                f - ring of protection from fire
MPRegen 0.10/turn                t - +6 ring of dexterity

@: no status effects
A: large, unfitting armour, tough skin 1
a: Renounce Religion, Berserk, Trog's Hand


You were on level 4 of the Dungeon.
You worshipped Trog.
Trog was most pleased with you.
You visited 1 branch of the dungeon, and saw 4 of its levels.

You collected 206 gold pieces.

Inventory:

Hand Weapons
 a - a +0 spear of protection
 d - a +0 whip
 l - a +1 spectral quarterstaff (weapon)
 q - a +0 long sword
Missiles
 c - 2 poisoned darts
 k - 21 stones
 w - 3 javelins (quivered)
Armour
 b - a +0 animal skin (worn)
 g - a +0 ring mail
Jewellery
 f - a ring of protection from fire (left hand)
 t - a +6 ring of dexterity (right hand)
Wands
 s - a wand of mindburst (7)
Scrolls
 e - a scroll of brand weapon
 m - 5 scrolls of identify
 n - a scroll of magic mapping
 o - 3 scrolls of teleportation
 v - a scroll of enchant weapon
Potions
 h - a potion of flight {unknown}
 j - a potion of mutation {unknown}
 p - a potion of degeneration {unknown}
 r - a potion of lignification {unknown}
 u - a potion of curing


   Skills:
 + Level 5.4 Fighting
 - Level 3.5(4.8) Polearms
 * Level 4.9(5.5) Staves
 + Level 3.7 Dodging
 + Level 0.5 Stealth


You had 5 spell levels left.
You didn't know any spells.
Your spell library contained the following spells:

 Spells                   Type           Power      Damage    Failure   Level
 Necrotise                Necr           0%         1d4       41%         1
 Kindle Blastsparks       Fire/Tloc/Air  0%         2d10      78%         3
 Vampiric Draining        Necr           0%         2d6       78%         3
 Fulminant Prism          Conj/Hex       0%         3d5       99%         4
 Iskenderun's Mystic Bla  Conj/Tloc      0%         2d3       99%         4
 Agony                    Necr           0%         N/A       100%        5
 Lee's Rapid Deconstruct  Erth           0%         3d4*      100%        5


Dungeon Overview and Level Annotations

Branches:
Dungeon (4/15)
 Temple: D:4-7

Altars:

Shops:
D:2 *

Annotations:
D:4 Duvessa, Robin


Innate Abilities, Weirdness & Mutations

You are too large for most types of armour.
You have tough skin. (AC +1)


Message History

Dowan misses you. The goblin hits you with a +0 club.
Robin says, "My goblins will feast on your bones."
Robin throws the goblin at you!
You thump Dowan!
You kill Dowan!
Trog accepts your kill.
Trog appreciates your killing of a magic user.
Duvessa screams, "No!
How DARE you!"
Duvessa goes berserk!
The goblin closely misses you. The goblin hits you with a +0 dagger.
The goblin hits you but does no damage. The goblin closely misses you.
You hit the quokka.
The quokka is almost dead.
The quokka closely misses you. The goblin closely misses you.
The goblin misses you. The goblin hits you with a +0 dagger.
* * * LOW HITPOINT WARNING * * *
Robin throws the goblin at you!
* * * LOW HITPOINT WARNING * * *
The goblin closely misses you.
You hit the quokka.
You kill the quokka!
Trog accepts your kill.
The hobgoblin no longer looks unusually strong.
The hobgoblin closely misses you. The goblin closely misses you.
The goblin barely misses you. The goblin closely misses you. x2
You thump the hobgoblin!
You kill the hobgoblin!
Trog accepts your kill.
The goblin no longer looks unusually strong.
The goblin misses you. The goblin hits you but does no damage.
The goblin hits you with a +0 club.
* * * LOW HITPOINT WARNING * * *
Robin roars a battlecry!
The goblins go into a battle-frenzy!
The goblin hits you but does no damage.
The hobgoblin hits you but does no damage.
You barely miss Duvessa.
The goblin no longer looks unusually strong.
Duvessa hits you with a +0 short sword!
You die...

... +......# .. .. #.. .
#......##.. ... #.. ..
#.......... .... #.. #
...##...............##.. #.
.....?..................
#.r .<....................
+.e. #.ggg..##...........
#.g.. ###@#####...........
#.....##.geg..##....#####..
.g......gggg..##....##.##..
g...................'......
....................#......
....................#......
....................#......
###########################


You could see Duvessa (berserk), Robin, 3 hobgoblins and 5 goblins.

Vanquished Creatures
  Sigmund (D:3)
  Dowan (D:4)
  Jessica (D:2)
  Natasha (twice) (D:3)
  An orc wizard (D:3)
  3 adders
  3 worms
  5 orcs (D:3)
  5 ball pythons
  10 bats
  3 endoplasms
  A giant cockroach (D:2)
  11 goblins
  6 hobgoblins
  2 jackals (D:1)
  3 quokkas
  2 frilled lizards
  5 kobolds
  4 rats
69 creatures vanquished.

Notes
Turn   | Place    | Note
-------+----------+-------------------------------------------
     0 | D:1      | Mickster the Ogre Berserker began the quest for the Orb.
     0 | D:1      | Reached XP level 1. HP: 24/24 MP: 1/1
    91 | D:1      | Reached XP level 2. HP: 30/32 MP: 2/2
   427 | D:1      | Reached XP level 3. HP: 40/40 MP: 3/3
   641 | D:2      | Reached ** piety under Trog
   792 | D:2      | Found Otojac's Assorted Antiques.
   882 | D:2      | Noticed Jessica
   887 | D:2      | Killed Jessica
   888 | D:2      | Reached skill level 1 in Staves
   888 | D:2      | Reached XP level 4. HP: 42/49 MP: 4/4
  1420 | D:3      | Noticed Natasha
  1425 | D:3      | Killed Natasha
  1426 | D:3      | Reached XP level 5. HP: 55/55 MP: 5/5
  1506 | D:3      | Noticed Natasha
  1509 | D:3      | Killed Natasha
  1548 | D:3      | Reached skill level 5 in Fighting
  1701 | D:3      | Noticed Sigmund
  1727 | D:3      | Killed Sigmund
  1728 | D:3      | Reached XP level 6. HP: 48/66 MP: 6/6
  1942 | D:3      | Reached *** piety under Trog
  2041 | D:4      | Noticed Robin
  2041 | D:4      | Noticed Dowan
  2042 | D:4      | Noticed Duvessa
  2056 | D:4      | Killed Dowan
  2060 | D:4      | Slain by Duvessa

Illustrated notes

Levels and vault maps discovered:
D:1:      amcnicky_arrival_underground_garden, layout_rooms, serial_shops,
          shop_fountains, minmay_tromino_v4_c
D:2:      layout_loops_ring, serial_shops,
          nicolae_shop_temple_entry_statues_fountains, uniq_jessica
D:3:      layout_basic, zin_treasury, uniq_natasha, uniq_sigmund
D:4:      layout_gridville, mainiacjoe_overflow_24_doors, temple_green,
          uniq_grinder, uniq_robin, uniq_duvessa

Skill      XL: |  1  2  3  4  5 |
---------------+----------------+-----
Dodging        | 3 |  3.7
Staves         | 1 2 4 |  4.9
Fighting       | 5 |  5.4
Polearms       | |  3.5
Stealth        | |  0.5

Action                     |  1- 3 |  4- 6 || total
---------------------------+-------+-------++-------
  Melee: Spear             |    72 |       ||    72
         Quarterstaff      |    27 |    61 ||    88
    Use: Scroll            |     4 |     1 ||     5
         Potion            |     2 |     3 ||     5
   Stab: Sleeping          |     1 |       ||     1
 Armour: Animal skin       |    61 |    29 ||    90
  Dodge: Dodged            |    86 |    65 ||   151

Table legend: (Time is in decaauts)
 A = Elapsed time spent in this place.
 B = Non-inter-level travel time spent in this place.
 C = Inter-level travel time spent in this place.
 D = Time resting spent in this place.
 E = Time spent auto-exploring this place.
 F = Levels seen in this place.
 G = Mean time per level.
                   A        B        C        D        E       F      G
               +--------+--------+--------+--------+--------+-----+--------+
         Total |   2064 |   1970 |     94 |    411 |      0 |   4 |  516.0 |
       Dungeon |   2064 |   1970 |     94 |    411 |      0 |   4 |  516.0 |
               +--------+--------+--------+--------+--------+-----+--------+

Top non-repeatable levels by time:
     D:3: 916 daAuts
     D:2: 568 daAuts
     D:1: 509 daAuts
     D:4: 69 daAuts
